 Dungeon Crawl Stone Soup version 0.28-a0-987-g8383568036 (webtiles) character file.

Game seed: 17117254468983955966

75 Decritt the Skirmisher (level 4, 0/29 HPs)
             Began as a Gargoyle Fighter on Dec 4, 2021.
             Slain by an orc (3 damage)
             ... on level 4 of the Dungeon.
             The game lasted 00:02:31 (1214 turns).

Decritt the Skirmisher (Gargoyle Fighter)           Turns: 1214, Time: 00:02:32

Health: 0/29       AC: 10    Str: 22    XL:     4   Next: 31%
Magic:  4/4        EV:  9    Int:  8    God:
Gold:   23         SH:  4    Dex:  9    Spells: 3/3 levels left

rFire   . . .      SeeInvis .   a - +0 war axe
rCold   . . .      Faith    .   c - +0 buckler
rNeg    + . .      Spirit   .   b - +0 scale mail
rPois   ∞          Reflect  .   (no helmet)
rElec   +          Harm     .   (no cloak)
rCorr   .          Rampage  .   (no gloves)
Will    .....                   (no boots)
Stlth   ..........              (no amulet)
HPRegen 0.09/turn               (no ring)
MPRegen 0.09/turn               (no ring)

@: mighty
A: sickness immunity, AC +3, negative energy resistance 1, electricity
resistance, torment resistance 1, petrification resistance
a: no special abilities


You were on level 4 of the Dungeon.
You visited 1 branch of the dungeon, and saw 4 of its levels.

You collected 23 gold pieces.

Inventory:

Hand Weapons
 a - a +0 war axe (weapon)
Armour
 b - a +0 scale mail (worn)
 c - a +0 buckler (worn)
Jewellery
 e - a ring of flight
Scrolls
 g - a scroll of enchant armour {unknown}
Potions
 f - a potion of brilliance {unknown}
 h - a potion of heal wounds {unknown}


   Skills:
 + Level 3.9 Fighting
 * Level 3.1 Axes
 + Level 3.9 Armour
 - Level 3.2 Shields


You had 3 spell levels left.
You didn't know any spells.
Your spell library was empty.

Dungeon Overview and Level Annotations

Branches:
Dungeon (4/15)
 Temple: D:4-7

Altars:


Innate Abilities, Weirdness & Mutations

You are immune to sickness and miasma.
Your stone body is resilient. (AC +3)
You are immune to poison.
You resist negative energy. (rN+)
You are resistant to electric shocks. (rElec)
You are resistant to unholy torment.
You are immune to petrification.


Message History

Terence barely misses you.
You closely miss Terence.
Terence is severely wounded.
Terence closely misses you.
You slash Terence!
You kill Terence!
Your Axes skill increases to level 3!
You have reached level 4!
You feel stronger.
There is a stone staircase leading down here.
The orc hits you but does no damage.
The orc priest looks satisfied for a moment.
You climb downwards.
The goblin hits you but does no damage.
There is a stone staircase leading up here.
You are too injured to fight recklessly!
You are too injured to fight recklessly!
You hit the orc.
The orc is lightly wounded.
You barely miss the goblin. The goblin hits you but does no damage.
The orc hits you but does no damage. The goblin hits you but does no damage.
You hit the orc.
The orc is severely wounded.
You closely miss the goblin. The orc hits you with a +0 dagger.
* * * LOW HITPOINT WARNING * * *
The goblin barely misses you. You block the orc's attack.
You barely miss the orc.
The orc is severely wounded.
You slash the goblin!
You kill the goblin!
The orc closely misses you.
You barely miss the orc.
The orc is severely wounded.
The orc completely misses you.
You closely miss the orc.
The orc is severely wounded.
You block the orc's attack. The orc closely misses you.
You barely miss the orc.
The orc is severely wounded.
The orc hits you with a +0 dagger.
You die...

######
.####..@o###
......)....#
...........#
..........#####
.......$.......
..........####.
.........##
.........#
#.......##


You could see an orc.

Vanquished Creatures
  Terence (D:3)
  2 dart slugs
  2 orcs (D:3)
  5 endoplasms (D:1)
  2 giant cockroaches (D:1)
  4 hobgoblins (D:1)
  5 quokkas (D:1)
  5 ball pythons (D:1)
  3 bats
  2 frilled lizards (D:2)
  4 goblins
  3 kobolds
  3 rats (D:1)
41 creatures vanquished.

Notes
Turn   | Place    | Note
-------+----------+-------------------------------------------
     0 | D:1      | Decritt the Gargoyle Fighter began the quest for the Orb.
     0 | D:1      | Reached XP level 1. HP: 14/14 MP: 1/1
    35 | D:1      | Found a faded altar of an unknown god.
   130 | D:1      | Reached XP level 2. HP: 14/19 MP: 2/2
   590 | D:1      | Reached XP level 3. HP: 10/23 MP: 3/3
  1164 | D:2      | You fall into a shaft and drop 2 floors!
  1181 | D:3      | Noticed Terence
  1205 | D:3      | Killed Terence
  1206 | D:3      | Reached XP level 4. HP: 4/29 MP: 4/4
  1214 | D:4      | Slain by an orc

Illustrated notes

Levels and vault maps discovered:
D:1:      evilmike_arrival_hilbert_curve, layout_basic,
          hellmonk_ecumenical_altar_pennies_from_heaven
D:2:      layout_loops_ring, kennysheep_boxes, uniq_robin
D:3:      layout_basic, uniq_jessica, uniq_natasha, uniq_terence
D:4:      layout_cave_pods, overflow_temple_1_default, temple_fountains,
          serial_shops, shop

Skill      XL: |  1  2  3 |
---------------+----------+-----
Axes           | 2 3 |  3.1
Fighting       | |  3.9
Armour         | |  3.9
Shields        | |  3.2

Action                   |  1- 3 |  4- 6 || total
-------------------------+-------+-------++-------
Melee: War axe           |   112 |     6 ||   118
  Use: Potion            |     1 |       ||     1
Armor: Scale mail        |    62 |     5 ||    67
Dodge: Dodged            |    52 |     4 ||    56
Block: Buckler           |    22 |     2 ||    24

Table legend: (Time is in decaauts)
 A = Elapsed time spent in this place.
 B = Non-inter-level travel time spent in this place.
 C = Inter-level travel time spent in this place.
 D = Time resting spent in this place.
 E = Time spent auto-exploring this place.
 F = Levels seen in this place.
 G = Mean time per level.
                   A        B        C        D        E       F      G
               +--------+--------+--------+--------+--------+-----+--------+
         Total |   1261 |   1249 |     12 |      0 |    950 |   4 |  315.2 |
       Dungeon |   1261 |   1249 |     12 |      0 |    950 |   4 |  315.2 |
               +--------+--------+--------+--------+--------+-----+--------+

Top non-repeatable levels by time:
     D:1: 1118 daAuts
     D:2: 86 daAuts
     D:3: 40 daAuts
     D:4: 16 daAuts
